 Dungeon Crawl Stone Soup version 0.28.0 (webtiles) character file.

Game seed: 18404243251992847071

57 Buxparty the Grave Robber (level 4, -7/33 HPs)
             Began as a Ghoul Necromancer on Feb 19, 2022.
             Mangled by Terence (12 damage)
             ... on level 2 of the Dungeon.
             The game lasted 00:04:39 (1959 turns).

Buxparty the Grave Robber (Ghoul Necromancer)       Turns: 1959, Time: 00:04:40

Health: -7/33      AC:  2    Str: 11    XL:     4   Next: 0%
Magic:  0/6        EV: 12    Int: 12    God:
Gold:   78         SH:  5    Dex:  9    Spells: 6/7 levels left

rFire   . . .      SeeInvis .   (no weapon)
rCold   + . .      Faith    .   (no shield)
rNeg    + + +      Spirit   .   a - +0 robe
rPois   ∞          Reflect  +   (no helmet)
rElec   .          Harm     .   (no cloak)
rCorr   .          Rampage  .   (no gloves)
Will    .....                   (no boots)
Stlth   ++........              d - amulet of reflection
HPRegen 0.00/turn               (no ring)
MPRegen 0.10/turn               (no ring)

@: inhibited regen
A: claws 1, cold resistance 1, negative energy resistance 3, inhibited
regeneration, torment resistance 2
a: no special abilities


You were on level 2 of the Dungeon.
You visited 1 branch of the dungeon, and saw 2 of its levels.

You collected 78 gold pieces.

Inventory:

Armour
 a - a +0 robe (worn)
Jewellery
 b - a ring of flight
 d - an amulet of reflection (around neck)
Scrolls
 e - a scroll of enchant armour {unknown}
 f - 3 scrolls of teleportation {unknown}
 h - a scroll of silence {unknown}
Potions
 c - a potion of invisibility {unknown}
 g - a potion of flight {unknown}
 i - a potion of curing {unknown}


   Skills:
 + Level 2.4 Dodging
 + Level 3.1 Stealth
 + Level 2.2 Spellcasting
 + Level 4.3 Necromancy


You had 6 spell levels left.
You knew the following spells:

 Your Spells              Type           Power      Damage    Failure   Level
a - Pain                  Necr           44%        1d6       4%          1

Your spell library contained the following spells:

 Spells                   Type           Power      Damage    Failure   Level
 Animate Skeleton         Necr           22%        N/A       4%          1
 Vampiric Draining        Necr           11%        2d6       13%         3
 Animate Dead             Necr           5%         N/A       41%         4
 Agony                    Necr           11%        N/A       77%         5


Dungeon Overview and Level Annotations

Branches:
Dungeon (2/15)

Altars:

Annotations:
D:2 Terence


Innate Abilities, Weirdness & Mutations

You thrive by killing the living.
You are immune to poison.
You have sharp fingernails.
Your flesh is cold resistant. (rC+)
You are immune to negative energy. (rN+++)
You do not regenerate when monsters are visible.
You are immune to unholy pain and torment.


Message History

Aiming: Pain (safe; 4% risk of failure)
Press: ? - help, Shift-Dir - straight line, f/p - Terence
Aim: Terence, wielding a +0 hand axe and wearing a +0 scale mail (lightly wounded, strong, chance to affect: 73%) Terence writhes in agony.
Terence completely misses you.
Casting: Pain (safe; 4% risk of failure)
Confirm with . or Enter, or press ? or * to list all spells.
Aiming: Pain (safe; 4% risk of failure)
Press: ? - help, Shift-Dir - straight line, f/p - Terence
Aim: Terence, wielding a +0 hand axe and wearing a +0 scale mail (moderately wounded, strong, chance to affect: 73%) Terence writhes in agony.
Terence misses you.
Casting: Pain (safe; 4% risk of failure)
Confirm with . or Enter, or press ? or * to list all spells.
Aiming: Pain (safe; 4% risk of failure)
Press: ? - help, Shift-Dir - straight line, f/p - Terence
Aim: Terence, wielding a +0 hand axe and wearing a +0 scale mail (heavily wounded, strong, chance to affect: 73%) Terence writhes in agony.
Terence hits you with a +0 hand axe!
Casting: Pain (safe; 4% risk of failure)
Confirm with . or Enter, or press ? or * to list all spells.
Aiming: Pain (safe; 4% risk of failure)
Press: ? - help, Shift-Dir - straight line, f/p - Terence
Aim: Terence, wielding a +0 hand axe and wearing a +0 scale mail (severely wounded, strong, chance to affect: 73%) Terence struggles to resist.
Terence closely misses you.
Casting: Pain (safe; 4% risk of failure)
Confirm with . or Enter, or press ? or * to list all spells.
Aiming: Pain (safe; 4% risk of failure)
Press: ? - help, Shift-Dir - straight line, f/p - Terence
Aim: Terence, wielding a +0 hand axe and wearing a +0 scale mail (severely wounded, strong, chance to affect: 73%) Terence struggles to resist.
Terence hits you with a +0 hand axe.
Casting: Pain (safe; 4% risk of failure)
Confirm with . or Enter, or press ? or * to list all spells.
You don't have enough magic to cast this spell.
Unknown command.
You scratch Terence but do no damage. You claw Terence, but do no damage.
Terence is severely wounded.
Terence hits you with a +0 hand axe!
* * * LOW HITPOINT WARNING * * *
You closely miss Terence.
Terence is severely wounded.
Terence hits you with a +0 hand axe!
You die...

..........#
..........####
.............#
######....##.#
#######.# #.# #.#
#.####################
#.#.@@................
####
#.##.#################
>..# #.##. # ...#
#.##. ...# #.##. ...#
#.##. ...# #.##. ...#
#.##. ...# #.#


You could see Terence (strong).

Vanquished Creatures
  2 adders (D:2)
  5 endoplasms
  A giant cockroach (D:1)
  6 goblins
  2 hobgoblins
  3 quokkas (D:1)
  2 ball pythons (D:1)
  5 bats
  3 frilled lizards (D:1)
  5 kobolds
  5 rats
39 creatures vanquished.

Notes
Turn   | Place    | Note
-------+----------+-------------------------------------------
     0 | D:1      | Buxparty the Ghoul Necromancer began the quest for the Orb.
     0 | D:1      | Reached XP level 1. HP: 14/14 MP: 2/2
   208 | D:1      | Reached XP level 2. HP: 16/20 MP: 0/3
   716 | D:1      | Reached XP level 3. HP: 25/26 MP: 0/5
  1907 | D:2      | Reached XP level 4. HP: 29/33 MP: 6/6
  1944 | D:2      | Noticed Terence
  1959 | D:2      | Mangled by Terence

Illustrated notes

Levels and vault maps discovered:
D:1:      wander_arrival_abandoned_jail, layout_basic,
          chequers_serial_rivers_room_b
D:2:      layout_basic, uniq_terence

Skill      XL: |  1  2  3 |
---------------+----------+-----
Dodging        | 2 |  2.4
Spellcasting   | 2 |  2.2
Stealth        | 3 |  3.1
Necromancy     | |  4.3

Action                   |  1- 3 |  4- 6 || total
-------------------------+-------+-------++-------
Melee: Unarmed           |    91 |     3 ||    94
       Punch             |     1 |     1 ||     2
 Cast: Pain              |    38 |     6 ||    44
 Stab: Sleeping          |     3 |       ||     3
Armor: Robe              |    21 |     1 ||    22
Dodge: Dodged            |    51 |     3 ||    54
Block: Other             |    20 |       ||    20
